 Dungeon Sprint DCSS version 0.31-a0-875-g02e7d12df6 (webtiles) character file.

Game seed: 10509878297878544455

4 sircluck the Ruffian (level 1, -3/33 HPs)
             Began as a Troll Berserker on Oct 12, 2023.
             Was a Believer of Trog.
             Slain by a human (6 damage)
             ... in the Dungeon (Sprint III: "The Ten Rune Challenge").
             The game lasted 00:00:10 (54 turns).

sircluck the Ruffian (Troll Berserker)                Turns: 54, Time: 00:00:10

Health: -3/33      AC:  4    Str: 24    XL:     1   Next: 50%
Magic:  0/0        EV: 10    Int:  3    God:    Trog [**....]
Gold:   0          SH:  0    Dex:  9    Spells: 0/0 levels left

rFire   . .          .
                       - Unarmed
rCold   . . .        (no shield)
rNeg    . . .        a - +0 animal skin
rPois   .            (helmet restricted)
rElec   .            (no cloak)
rCorr   .            (gloves unavailable)
SInv    .            (boots unavailable)
Will    .....        (no amulet) Stlth
                     (no ring)
HPRegen 1.05/turn    (no ring)
MPRegen 0.07/turn

%: no teleportation
@: berserking, lethally poisoned (-3 -> -4), very quick
A: large, unfitting armour, claws 3, regeneration 1, shaggy fur 1, tough skin 1
a: Renounce Religion, Berserk, Trog's Hand


You were in the Dungeon.
You worshipped Trog.
Trog was pleased with you.
You visited 1 branch

Inventory:

Armour
 a - a +0 animal skin (worn)
Scrolls
 g - a scroll of blinking
Potions
 b - a potion of curing
 c - a potion of heal wounds
 d - a potion of haste
 e - 2 potions of magic
 f - a potion of berserk rage
 h - a potion of cancellation {unknown}


   Skills:
 + Level 2.9 Fighting
 + Level 2.8 Dodging
 + Level 3.4 Unarmed Combat


You couldn't memorise any spells.
You didn't know any spells.
Your spell library was empty.

Dungeon Overview and Level Annotations

Branches:
Dungeon (1/1)

Altars:


Innate Abilities, Weirdness & Mutations

You are too large for most types of armour.
You have claws for hands.
Your natural rate of healing is unusually fast.
You are covered in fur. (AC +1)
You have tough skin. (AC +1)


Message History

You scratch the rat.
You kill the rat!
Trog accepts your kill.
You can now call upon Trog for regeneration and willpower.
A rat comes into view.
A rat is nearby!
The rat closely misses you.
A rat is nearby!
You barely miss the rat. The rat bites you but does no damage.
You scratch the rat.
You kill the rat!
Trog accepts your kill.
A human comes into view.
The human shouts!
A scorpion comes into view.
There are monsters nearby!
The scorpion stings you.
You are poisoned.
The scorpion poisons you!
There are monsters nearby!
You feel sick. The human barely misses you. The scorpion barely misses you.
You feel sick.
You closely miss the human.
You feel sick. The human hits you.
You claw the human!
The human is moderately wounded.
You feel sick. The human hits you.
* * * LOW HITPOINT WARNING * * *
A red film seems to cover your vision as you go berserk!
You feel yourself moving faster!
You feel mighty!
You feel sick. The human closely misses you.
You closely miss the human.
The human is moderately wounded.
You feel sick. The human hits you.
* * * LOW HITPOINT WARNING * * *
You closely miss the human.
The human is moderately wounded.
You mangle the human!!
The human is almost dead.
You feel sick. The human hits you.
You die...

▓..##.......# ..#
▓##.##.##...# ..#
##.##.###..# #..#
▓#.####.##..# ...+
▓.###..##..## #...#
▓#.....##..###....#
###..##...##.....#
##..##....#ps....#
#..###..##@#.....#
#..# #.. ####....#
▓▓▓▓ ▓▓▓ ▓▓▓▓▓


You could see a human and a scorpion.

Vanquished Creatures
  2 endoplasms (D)
  2 rats (D)
4 creatures vanquished.

Notes
Turn   | Place    | Note
-------+----------+-------------------------------------------
     0 | D        | sircluck the Troll Berserker began the quest for the Orb.
     0 | D        | Reached XP level 1. HP: 22/22 MP: 0/0
    31 | D        | Reached ** piety under Trog
    45 | D        | Noticed a scorpion
    54 | D        | Slain by a human

Illustrated notes

Levels and vault maps discovered:
D:        dungeon_sprint_mu [sprint_mu_entry_cave, sprint_mu_temple_rooms,
          sprint_mu_d1_spiders, sprint_mu_d2_genie, sprint_mu_d3_branching,
          sprint_mu_orc_legion, sprint_mu_elf_gauntlet, sprint_mu_hive_nellie,
          sprint_mu_lair_fedhas, sprint_mu_vaults_butterflies,
          sprint_mu_slime_circle, sprint_mu_shoals_archi,
          sprint_mu_snake_twists, sprint_mu_blade_basic,
          sprint_mu_crypt_chambers, sprint_mu_tomb_spiral,
          sprint_mu_vestibule_basic, sprint_mu_gehenna_hellfire,
          sprint_mu_dis_giant, sprint_mu_tartarus_statrot,
          sprint_mu_cocytus_islands, sprint_mu_zot1]

Action                     || total
---------------------------++-------
  Melee: Unarmed           ||    12
 Invoke: Berserk           ||     1
   Stab: Sleeping          ||     1
 Armour: Animal skin       ||     7
  Dodge: Dodged            ||     5

Table legend: (Time is in decaauts)
 A = Elapsed time spent in this place.
 B = Non-inter-level travel time spent in this place.
 C = Inter-level travel time spent in this place.
 D = Time resting spent in this place.
 E = Time spent auto-exploring this place.
 F = Levels seen in this place.
 G = Mean time per level.
                   A        B        C        D        E       F      G
               +--------+--------+--------+--------+--------+-----+--------+
         Total |     52 |     52 |      0 |      0 |     26 |   1 |   52.0 |
       Dungeon |     52 |     52 |      0 |      0 |     26 |   1 |   52.0 |
               +--------+--------+--------+--------+--------+-----+--------+

Top non-repeatable levels by time:
       D: 52 daAuts
